 Dungeon Crawl Stone Soup version 0.25.0-9-g26727b657a (webtiles) character file.

Game seed: 726619596443358128

24268 mopl the Cleaver (level 12, -2/96 HPs)
             Began as a Demonspawn Gladiator on June 16, 2020.
             Was an Elder of Makhleb.
             Slain by a death yak (16 damage)
             ... led by a torpor snail
             ... on level 5 of the Lair of Beasts.
             The game lasted 00:21:06 (13599 turns).

mopl the Cleaver (Demonspawn Gladiator)            Turns: 13599, Time: 00:21:07

Health: -2/96      AC: 23    Str: 19    XL:     12   Next: 79%
Magic:  0/20       EV:  5    Int: 10    God:    Makhleb [****..]
Gold:   817        SH: 12    Dex: 15    Spells: 11/11 levels left

rFire    + . .     SeeInvis +   a - +2 broad axe (elec)
rCold    . . .     Gourm    .   f - +0 kite shield
rNeg     + + .     Faith    .   O - +1 chain mail {rPois}
rPois    +         Spirit   +   (helmet unavailable)
rElec    .         Reflect  +   q - +0 cloak
rCorr    .         Harm     .   (no gloves)
MR       .....                  R - +0 pair of boots
Stlth    ..........             G - amulet of Levuawn {Reflect +Inv rF+ rC- rN++ SH+5}
HPRegen  0.26/turn              (no ring)
MPRegen  0.17/turn              (no ring)

@: sanguine armour
A: antennae 3, cold resistance 1, magic shield, sanguine armour 3
a: Minor Destruction, Lesser Servant of Makhleb, Major Destruction, Renounce
Religion, Evoke Invisibility


You were on level 5 of the Lair of Beasts.
You worshipped Makhleb.
Makhleb was greatly pleased with you.
You were hungry.

You visited 3 branches of the dungeon, and saw 16 of its levels.
You also visited: Sewer.

You collected 957 gold pieces.
You spent 140 gold pieces at shops.

Inventory:

Hand Weapons
 a - a +2 broad axe of electrocution (weapon)
 b - a +2 broad axe of flaming
Missiles
 d - 8 throwing nets (quivered)
 m - 100 poisoned darts
 y - 7 boomerangs
Armour
 f - a +0 kite shield (worn)
 q - a +0 cloak (worn)
 O - a +1 chain mail of poison resistance (worn)
 R - a +0 pair of boots (worn)
Jewellery
 w - an uncursed ring of ice
 z - an uncursed amulet of reflection
 G - the amulet of Levuawn (around neck) {Reflect +Inv rF+ rC- rN++ SH+5}
   (You found it on level 9 of the Dungeon)

   [amulet of reflection]

   It shields you and reflects attacks.
   It protects you from fire.
   It makes you vulnerable to cold.
   It greatly protects you from negative energy.
   It lets you turn invisible.
   It affects your SH (+5).
Wands
 E - a wand of digging (5)
 H - a wand of disintegration (4)
 M - a wand of flame (32)
 Q - a wand of iceblast (3)
Scrolls
 e - a scroll of torment {unknown}
 g - 3 scrolls of magic mapping {unknown}
 i - a scroll of random uselessness {unknown}
 j - 2 scrolls of immolation {unknown}
 k - 3 scrolls of enchant armour {unknown}
 l - 5 scrolls of teleportation {unknown}
 o - 2 scrolls of enchant weapon {unknown}
 r - 2 scrolls of blinking {unknown}
 t - 8 scrolls of remove curse {unknown}
 A - 2 scrolls of identify
 B - a scroll of fear {unknown}
 D - a scroll of silence {unknown}
 F - a scroll of amnesia {unknown}
 J - a scroll of acquirement {unknown}
 P - a scroll of brand weapon {unknown}
 U - a scroll of fog {unknown}
Potions
 h - 4 potions of brilliance
 n - 5 potions of stabbing
 p - 2 potions of heal wounds
 s - 4 potions of flight
 u - 2 potions of lignification
 v - 2 potions of mutation
 x - 2 potions of curing
 C - 2 potions of resistance
 I - a potion of might
 L - a potion of berserk rage
 N - a potion of haste
Miscellaneous
 K - a box of beasts
 S - a phantom mirror
Comestibles
 c - 35 rations


   Skills:
 + Level 9.5 Fighting
 * Level 14.8 Axes
 - Level 1.7 Throwing
 - Level 1.0 Armour
 - Level 2.6 Dodging
 + Level 11.8 Invocations
 - Level 5.0 Evocations


You had 11 spell levels left.
You didn't know any spells.
Your spell library contained the following spells:

 Spells                   Type           Power        Failure   Level  Hunger
 Beastly Appendage        Tmut           #.....       100%        1    ##.....
 Sticks to Snakes         Tmut           #.......     100%        2    ###....
 Spider Form              Tmut/Pois      #.........   100%        3    ####...
 Ice Form                 Ice/Tmut       #.......     100%        4    #####..
 Blade Hands              Tmut           #.........   100%        5    ######.


Dungeon Overview and Level Annotations

Branches:
Dungeon (10/15)            Temple (1/1) D:6            Lair (5/6) D:10
  Swamp (0/4) Lair:4        Snake (0/4) Lair:3        Sewer (visited)
  Slime: Lair:5-6       Orc: D:9-12

Altars:
Cheibriados
Dithmenos
Fedhas
Gozag
Hepliaklqana
Kikubaaqudgha
Makhleb
Okawaru
Ru
Trog
Uskayaw
Wu Jian
Xom
Zin

Shops:
D:4 (

Annotations:
D:8 dig
Lair:2 3 runed translucent doors, Kotami's ghost, journeyman OpFi; Pamiuf's ghost, journeyman KoSu


Innate Abilities, Weirdness & Mutations

You have a pair of large antennae on your head. (SInv)
Your flesh is cold resistant. (rC+)
When hurt, damage is shared between your health and your magic reserves.
When seriously injured, your bleeding wounds create very thick armour. (AC +12)


Message History

Lightning courses through the komodo dragon!
The death yak gores you.
Unknown command.
You hit the death yak.
The death yak is heavily wounded.
You slash the komodo dragon! You block the komodo dragon's attack.
You block the death yak's attack.
Unknown command.
Unknown command.
You slash the death yak!
The death yak is severely wounded.
You slash the komodo dragon! The komodo dragon bites you!!
* * * LOW HITPOINT WARNING * * *
You block the death yak's attack.
You hit the death yak.
The death yak is severely wounded.
You slash the komodo dragon! The komodo dragon bites you!
* * * LOW HITPOINT WARNING * * *
The death yak gores you!!
You die...

##...####
#....... ..
P...... ...
##...P.# ....
....#.#
....##P...###
..P#..Y.l#..###
.......@......#
..............#
...#..##....#.##
.../# #......#
...P# ##..P###
P..PP# #...#
...PP.##...#
P..PP......#
...PPPP....##.P


You could see a death yak and a komodo dragon.

Vanquished Creatures
  Harold (Lair:2)
  Fannar (Lair:3)
  A two-headed ogre (D:9)
  3 death yaks (Lair:3)
  6 elephants (Lair:3)
  4 black mambas
  A torpor snail (Lair:5)
  A guardian serpent (D:10)
  3 spiny frogs
  A rime drake (Lair:4)
  4 komodo dragons
  A queen bee (Lair:2)
  2 trolls
  A meliai zombie (D:10)
  4 hippogriffs
  12 blink frogs
  A wraith (D:10)
  A spriggan (D:8)
  2 wyverns (D:9)
  17 yaks
  Menkaure (D:5)
  A hungry ghost (D:7)
  A basilisk (Lair:4)
  Edmund (D:5)
  3 nagas (Lair:3)
  2 water moccasins
  4 porcupines
  3 black bears
  An eye of draining (D:10)
  5 orc warriors
  2 sky beasts
  An ice beast (D:8)
  2 wolves (D:10)
  2 centaurs
  5 crocodiles
  Blork the orc (D:4)
  15 bullfrogs
  A water moccasin zombie (D:9)
  A wyvern skeleton (D:10)
  A scorpion (D:4)
  24 killer bees
  7 wights (D:9)
  5 electric eels (D:10)
  A howler monkey (D:4)
  5 crimson imps
  2 quasits (D:7)
  A centaur skeleton (D:6)
  7 hounds
  5 orc priests
  A jelly (D:7)
  7 orc wizards
  Jessica (D:3)
  A bullfrog skeleton (D:10)
  2 iguanas
  7 worker ants
  4 hound zombies
  A hound skeleton (D:10)
  19 adders
  4 gnolls (D:8)
  A river rat (D:3)
  3 shadow imps
  10 oozes
  2 adder zombies
  2 worms
  6 dart slugs
  16 leopard geckos
  27 orcs
  8 ball pythons
  8 bats
  13 giant cockroaches
  5 hobgoblins
  7 jackals
  7 quokkas
  16 frilled lizards
  17 goblins
  7 kobolds
  A leopard gecko zombie (D:5)
  5 rats
  A fungus (Lair:4)
  A plant (Lair:2)
387 creatures vanquished.

Vanquished Creatures (others)
  2 plants (Lair:2)
2 creatures vanquished.

Grand Total: 389 creatures vanquished

Notes
Turn   | Place    | Note
-------+----------+-------------------------------------------
     0 | D:1      | mopl the Demonspawn Gladiator began the quest for the Orb.
     0 | D:1      | Reached XP level 1. HP: 16/16 MP: 1/1
    94 | D:1      | Reached skill level 3 in Axes
   113 | D:1      | Gained mutation: You have a pair of small antennae on your
                  | head. [demonic ancestry]
   113 | D:1      | Reached XP level 2. HP: 21/22 MP: 2/2
   273 | D:1      | Gained mutation: You have a pair of antennae on your head.
                  | [demonic ancestry]
   273 | D:1      | Reached XP level 3. HP: 23/27 MP: 3/3
   601 | D:2      | Reached skill level 4 in Axes
   972 | D:2      | Gained mutation: When seriously injured, your bleeding
                  | wounds create armour. (AC +12) [demonic ancestry]
   972 | D:2      | Reached XP level 4. HP: 18/33 MP: 4/4
  1163 | D:2      | Found an ornate altar of the Wu Jian Council.
  1246 | D:2      | Found a blossoming altar of Fedhas.
  1535 | D:3      | Reached skill level 5 in Axes
  1538 | D:3      | Gained mutation: When seriously injured, your bleeding
                  | wounds create thick armour. (AC +12) [demonic ancestry]
  1538 | D:3      | Reached XP level 5. HP: 21/38 MP: 5/5
  1639 | D:3      | Found an opulent altar of Gozag.
  1792 | D:3      | Found a glowing drain.
  1796 | Sewer    | Entered a sewer
  1950 | Sewer    | Reached skill level 6 in Axes
  2023 | Sewer    | Gained mutation: When hurt, damage is shared between your
                  | health and your magic reserves. [demonic ancestry]
  2023 | Sewer    | Reached XP level 6. HP: 22/44 MP: 6/6
  2471 | D:3      | Noticed Jessica
  2478 | D:3      | Killed Jessica
  2674 | D:3      | Reached skill level 7 in Axes
  2734 | D:3      | Found an iron altar of Okawaru.
  3060 | D:4      | Noticed Blork the orc
  3075 | D:4      | Killed Blork the orc
  3075 | D:4      | Reached XP level 7. HP: 30/50 MP: 5/7
  3087 | D:4      | Found Hacwol's Antique Weapon Boutique.
  3092 | D:4      | Bought a runed broad axe for 140 gold pieces
  3595 | D:5      | Entered Level 5 of the Dungeon
  3644 | D:5      | Reached skill level 8 in Axes
  3665 | D:5      | Noticed Edmund
  3679 | D:5      | Killed Edmund
  4068 | D:5      | Noticed Menkaure
  4086 | D:5      | Killed Menkaure
  4086 | D:5      | Reached skill level 9 in Axes
  4086 | D:5      | Reached XP level 8. HP: 35/56 MP: 5/8
  4553 | D:6      | Noticed a troll
  4563 | D:6      | HP: 1/56 [troll (4)]
  4564 | D:6      | Killed a troll
  4946 | D:6      | Found a staircase to the Ecumenical Temple.
  4962 | D:6      | Reached skill level 10 in Axes
  4972 | Temple   | Entered the Ecumenical Temple
  4985 | Temple   | Became a worshipper of Makhleb the Destroyer
  5026 | D:6      | You fall into a shaft and drop 1 floor!
  5043 | D:7      | Reached skill level 1 in Invocations
  5067 | D:7      | Reached skill level 1 in Armour
  5108 | D:7      | Noticed a hippogriff
  5122 | D:7      | Killed a hippogriff
  5372 | D:7      | Found a sacrificial altar of Ru.
  5443 | D:7      | Paralysed by fainting for 8 turns
  5464 | D:7      | Gained mutation: You have a pair of large antennae on your
                  | head. (SInv) [demonic ancestry]
  5464 | D:7      | Reached XP level 9. HP: 49/64 MP: 8/11
  5677 | D:7      | Found a bloodstained altar of Trog.
  5769 | D:6      | Found a hide-covered altar of Uskayaw.
  5842 | D:6      | Reached * piety under Makhleb
  6340 | D:8      | Reached skill level 11 in Axes
  6612 | D:8      | Identified the cursed +3 halberd "Arcanum" {flame, Str+9
                  | Int-5 Dex+4}
  6626 | D:7      | Reached skill level 5 in Invocations
  6786 | D:8      | Found a hazy altar of Hepliaklqana.
  7262 | D:8      | Reached skill level 5 in Fighting
  7396 | D:8      | Found a glowing silver altar of Zin.
  7522 | D:9      | Noticed a two-headed ogre
  7534 | D:9      | Killed a two-headed ogre
  7534 | D:9      | Gained mutation: When seriously injured, your bleeding
                  | wounds create very thick armour. (AC +12) [demonic
                  | ancestry]
  7534 | D:9      | Reached XP level 10. HP: 30/74 MP: 7/14
  7710 | D:9      | Got a translucent bone amulet
  7715 | D:9      | Reached skill level 12 in Axes
  7724 | D:9      | Reached ** piety under Makhleb
  7805 | D:9      | Identified the amulet of Levuawn {Reflect +Inv rF+ rC- rN++
                  | SH+5} (You found it on level 9 of the Dungeon)
  8149 | D:9      | Identified the +3 falchion "Winim" {vorpal, *Corrode +Inv
                  | rPois}
  8305 | D:10     | Entered Level 10 of the Dungeon
  8305 | D:10     | Noticed a guardian serpent
  8315 | D:10     | Killed a guardian serpent
  8315 | D:10     | Reached skill level 1 in Evocations
  8679 | D:10     | Reached *** piety under Makhleb
  8690 | D:10     | Gained mutation: Your flesh is cold resistant. (rC+)
                  | [demonic ancestry]
  8690 | D:10     | Reached XP level 11. HP: 36/83 MP: 5/17
  9048 | D:10     | Found a staircase to the Lair.
  9427 | Lair:1   | Entered Level 1 of the Lair of Beasts
  9608 | Lair:1   | Reached skill level 13 in Axes
 10279 | Lair:2   | Noticed Harold
 10296 | Lair:2   | Killed Harold
 10476 | Lair:2   | Reached **** piety under Makhleb
 10815 | Lair:2   | Found a runed translucent gate.
 10815 | Lair:2   | Found a runed translucent gate.
 10815 | Lair:2   | Found a runed translucent gate.
 10815 | Lair:2   | Noticed Kotami's ghost (journeyman OpFi)
 10816 | Lair:2   | Noticed Pamiuf's ghost (journeyman KoSu)
 11544 | Lair:3   | Noticed a death yak
 11546 | Lair:3   | Noticed a death yak
 11547 | Lair:3   | Noticed a death yak
 11567 | Lair:3   | Killed a death yak
 11584 | Lair:3   | Killed a death yak
 11589 | Lair:3   | Reached skill level 10 in Invocations
 11600 | Lair:3   | Killed a death yak
 11850 | Lair:3   | Reached skill level 5 in Evocations
 11850 | Lair:3   | Reached XP level 12. HP: 57/93 MP: 9/19
 11877 | Lair:3   | Reached skill level 14 in Axes
 11952 | Lair:3   | Noticed Fannar
 11973 | Lair:3   | Killed Fannar
 12116 | Lair:3   | Found a staircase to the Snake Pit.
 12979 | Lair:4   | Found a staircase to the Swamp.
 13589 | Lair:5   | Noticed a death yak
 13599 | Lair:5   | Slain by a death yak

Illustrated notes

Levels and vault maps discovered:
D:1:      lightli_arrival_flooded_house, layout_rooms, hex_medium,
          minmay_pentomino_p4
D:2:      cheibrodos_old_hovel, layout_basic, marbit_many_paths,
          lemuel_crystal_altar
D:3:      layout_basic, okawaru_metal_pillars_1_2, lemuel_crystal_altar,
          gup_sewer_entry_bowl, uniq_jessica
D:4:      layout_basic, first_ration, serial_shops, nicolae_shop_statue_plus,
          uniq_blork_the_orc
D:5:      layout_cave_pools, serial_rivers, chequers_serial_rivers_room_a,
          chequers_serial_rivers_large_a, chequers_serial_rivers_micro_a,
          chequers_serial_rivers_micro_a, chequers_serial_rivers_small_b,
          chequers_serial_rivers_micro_c, uniq_edmund, uniq_menkaure
D:6:      layout_basic, nicolae_overflow_crystal_walls,
          minmay_temple_entry_junction_2
D:7:      minmay_evil_eye, layout_cave_pools, nicolae_ru_path_of_blood,
          trog_ov_bears_minmay
D:8:      layout_basic, overflow_temple_1_default, zin_treasury, the_bakery
D:9:      layout_long_grid, kennysheep_generic_room_8
D:10:     layout_roguey, erik_lair_island, nrook_guardian_serpent_ordinary
Temple:   nicolae_temple_god_jail
Lair:1:   layout_cave_pods
Lair:2:   layout_gridlike, special_room [special_room_bee], serial_rivers,
          chequers_serial_rivers_small_3, chequers_serial_rivers_micro_b,
          chequers_serial_rivers_micro_c, chequers_serial_rivers_room_b,
          gammafunk_ghost_cemetery, minmay_stone_trees_small, uniq_harold
Lair:3:   layout_cave_pods, guppyfry_snake_entry_island,
          nicolae_quartered_pool_super, uniq_fannar
Lair:4:   layout_regular_city, swamp_mist_pool, patterned_corridor
Lair:5:   layout_small_grid, slime_altar_1, kennysheep_basilisk_garden,
          minmay_lair_oklob_chamber, serial_bayou_shore_a, uniq_sonja

Skill      XL: |  1  2  3  4  5  6  7  8  9 10 11 12 |
---------------+-------------------------------------+-----
Axes           | 3 4 5 6 7 9 10 11 12 13 14 | 14.8
Invocations    | 3 6 8 10 11 | 11.8
Armour         | 1 |  1.0
Fighting       | 3 5 6 8 9 |  9.5
Evocations     | 2 5 |  5.0
Throwing       | |  1.7
Dodging        | |  2.6

Action                   |  1- 3 |  4- 6 |  7- 9 | 10-12 || total
-------------------------+-------+-------+-------+-------++-------
Melee: War axe           |   159 |   423 |       |       ||   582
       Broad axe         |       |       |   348 |   614 ||   962
Evoke: Wand              |       |       |       |     6 ||     6
  Use: Potion            |     1 |       |       |     4 ||     5
       Scroll            |       |     4 |     3 |     3 ||    10
 Stab: Distracted        |       |     1 |       |       ||     1
  Eat: Chunk             |       |     9 |    12 |    17 ||    38
       Ration            |       |       |     2 |     1 ||     3
Armor: Chain mail        |   125 |   241 |   214 |   196 ||   776
       Skin              |    23 |       |       |       ||    23
       Plate armour      |       |       |    18 |   125 ||   143
Dodge: Dodged            |    53 |    60 |    81 |    98 ||   292
Block: Kite shield       |    50 |   308 |   176 |   402 ||   936
       Reflection        |       |       |     4 |       ||     4
